[Event "*** Titled Tuesday Blitz"]
[Site "Chess.com"]
[Date "2020.04.28"]
[Round "7"]
[White "annamaja"]
[Black "zmeeed67"]
[Result "0-1"]
[WhiteElo "2220"]
[BlackElo "2373"]
[TimeControl "180+1"]
[EndTime "11:19:01 PDT"]
[Termination "zmeeed67 won by resignation"]

1. e4 c5 2. Nf3 e6 3. d4 cxd4 4. Nxd4 Nf6 5. Nc3 Bb4 6. f3 Nc6 7. Bg5 Qa5 8. Nxc6 Bxc3+ 9. bxc3 Qxc3+ 10. Bd2 Qxc6 11. Bb4 Nxe4 12. Bd3 Nc5 13. Qd2 O-O 14. O-O d6 15. Rad1 Rd8 16. Kh1 e5 17. Qg5 Be6 18.
Bf5 Bxf5 19. Qxf5 Ne6 20. c3 a5 21. Ba3 Qxc3 22. Bxd6 Nd4 23. Qxe5 Ra6 24. Rxd4 f6 25.
Qd5+ Kh8 26. Rfd1 Raxd6 27. Qxd6 Rxd6 28. Rxd6 h5 29. Rd8+ Kh7 30. h3 Qc4 31. a3 b5 32.
Rb8 Qc5 33. Rdd8 Qxa3 34. Rh8+ Kg6 35. Rxb5 a4 36. Rhxh5 Qc1+ 37. Kh2 a3 38. Ra5 Qc7+ 39.
Kg1 Qc1+ 40. Kf2 Qb2+ 41. Kg3 a2 42. Rhb5 a1=Q 43. Rxa1 Qxa1 44. Rc5 Qd4 45. Rc2 Qd6+ 46. f4 Qd3+ 47. Kg4 Qxc2 48. f5+ Qxf5+ 0-1

[Event "*** Titled Tuesday Blitz"]
[Site "Chess.com"]
[Date "2020.04.28"]
[Round "7"]
[White "amiralfio"]
[Black "Galileo22"]
[Result "0-1"]
[WhiteElo "2475"]
[BlackElo "2346"]
[TimeControl "180+1"]
[EndTime "11:19:02 PDT"]
[Termination "Galileo22 won by resignation"]

1. e4 c5 2. Nf3 d6 3. d4 cxd4 4. Nxd4 Nf6 5. Nc3 a6 6. Rg1 h5 7. Bg5 e6 8. Qd2 Be7 9. O-O-O Qc7 10. Kb1 Nbd7 11. h3 b5 12. f3 Bb7 13. g4 hxg4 14.
hxg4 Nb6 15. Bxf6 gxf6 16. a3 O-O-O 17. f4 d5 18. exd5 Nxd5 19. Nxd5 Bxd5 20. Qe3 Bc5 21. c3 Kb8 22. Qe2 e5 23. fxe5 fxe5 24. Nxb5 axb5 25.
Qxb5+ Qb6 26. Qxb6+ Bxb6 27. Rg3 Ba2+ 28. Kc2 Bb3+ 29. Kxb3 Rxd1 30. Bc4 Rg1 31. Rf3 Rxg4 32. Rxf7 Rh2 33. Bd5 Bc7 34. Rf8+ Ka7 35. a4 Kb6 36. Rf6+ Kc5 37. Bb7 Bd6 38. a5 Kb5 39. Rxd6 Kxa5 40.
Rd5+ Kb6 41. Bc8 Rgg2 42. Kc4 Rxb2 43. Bf5 Kc7 44. Rxe5 Rbf2 45. Be4 Kd6 46. Kd4 Rd2+ 47. Bd3 Rxd3+ 48. Kxd3 Kxe5 49. Kc4 Rh3 50. Kb4 Kd5 51.
c4+ Kc6 52. c5 Rh4+ 0-1

[Event "*** Titled Tuesday Blitz"]
[Site "Chess.com"]
[Date "2020.04.28"]
[Round "7"]
[White "FightingChess"]
[Black "chessuriel"]
[Result "1-0"]
[WhiteElo "2368"]
[BlackElo "2213"]
[TimeControl "180+1"]
[EndTime "11:19:02 PDT"]
[Termination "FightingChess won by resignation"]

1. e4 c5 2. c3 d5 3. exd5 Qxd5 4. d4 Nf6 5. Nf3 e6 6. Na3 Be7 7. Nb5 Qd8 8. dxc5 a6 9. Nd6+ Kf8 10. Be2 Nc6 11. O-O b6 12. Nxc8 Qxc8 13. cxb6 Qb7 14. Be3 Nd5 15. Bd4 Nxb6 16. Qb3 Nxd4 17. Nxd4 Qc7 18.
Qxe6 Bd6 19. Qf5 Re8 20. Bxa6 Re5 21. Qf3 g6 22. Nb5 Qb8 23. Nxd6 Qxd6 24. Rfd1 Qe7 25. Bf1 Kg7 26. a4 Nd7 27. a5 Rf5 28. Qg3 Ne5 29. Kh1 h5 30. f4 Ng4 31. h3 Qa7 32. Rd4 Re8 33. hxg4 hxg4 34. Qxg4 Rh8+ 35. Kg1 Rfh5 36.
b4 Qe7 37. Qf3 Rh1+ 38. Kf2 Qh4+ 39. Ke2 Qe7+ 40. Re4 Qc7 41. Qe3 Rd8 42. Rd4 Rc8 43. Qe5+ Qxe5+ 44. fxe5 Rxc3 45. Rad1 Rh8 46. Kf2 Re8 47.
Re1 Rc2+ 48. Be2 Rb2 49. Kf1 Ra2 50. Bf3 Rb2 51. Rde4 Ra2 52. e6 f5 53. Rc4 Ra4 54. e7 Kf6 55. Bc6 Rxe7 56. Rxe7 Kxe7 57. Bxa4 1-0

[Event "*** Titled Tuesday Blitz"]
[Site "Chess.com"]
[Date "2020.04.28"]
[Round "7"]
[White "Marty435"]
[Black "MRBigtimer"]
[Result "0-1"]
[WhiteElo "2529"]
[BlackElo "2336"]
[TimeControl "180+1"]
[EndTime "11:19:03 PDT"]
[Termination "MRBigtimer won on time"]

1. e4 e5 2. Nf3 Nc6 3. Bb5 a6 4. Ba4 Nf6 5. d3 b5 6. Bb3 Bc5 7. c3 d5 8. exd5 Nxd5 9. O-O O-O 10. Re1 Bg4 11. a4 b4 12. h3 Bh5 13. g4 Bg6 14. Bg5 f6 15. d4 exd4 16. Nxd4 Bxd4 17. Be3 Bf7 18. Bxd4 Nxd4 19. Qxd4 bxc3 20. Nxc3 Nxc3 21. Bxf7+ Rxf7 22. Qxd8+ Rxd8 23. bxc3 Rd3 24. Re8+ Rf8 25. Re3 Rxe3 26. fxe3 Rd8 27. Kf2 Rd2+ 28. Kf3 Rc2 29. Ra3 Kf7 30. Rb3 Ke6 31. h4 g6 32. Ra3 Ke5 33.
Rb3 Rc1 34. Kf2 h5 35. gxh5 gxh5 36. Rb8 Rxc3 37. Rh8 Ke4 38. Rxh5 Rc2+ 39. Kg3 f5 40. Rh6 Kxe3 41. Rxa6 f4+ 42. Kg4 Rg2+ 43. Kh3 Rg8 44. Re6+ Kd4 45. Rf6 Ke5 46. Rf7 c5 47. h5 c4 48. h6 Rh8 49. h7 c3 50. Kg4 c2 51. Rc7 Rxh7 52. Rxc2 Rg7+ 53. Kf3 Rg3+ 54. Kf2 Ra3 55. Rc4 Kf5 56. Rc5+ Kg4 57. a5 Ra2+ 58.
Kf1 Kg3 59. a6 Rxa6 0-1

[Event "*** Titled Tuesday Blitz"]
[Site "Chess.com"]
[Date "2020.04.28"]
[Round "7"]
[White "BasilSmash"]
[Black "CarlosRBorn"]
[Result "0-1"]
[WhiteElo "2433"]
[BlackElo "2673"]
[TimeControl "180+1"]
[EndTime "11:19:03 PDT"]
[Termination "CarlosRBorn won on time"]

1. d4 Nf6 2. Nf3 e6 3. g3 b6 4.
Bg2 Bb7 5. O-O d6 6. c4 Nbd7 7. d5 e5 8. Nc3 Be7 9. e4 O-O 10. Ne1 c6 11. Nd3 cxd5 12. cxd5 Rc8 13. Be3 Ba6 14.
Re1 Bxd3 15. Qxd3 Nc5 16. Qd2 Qd7 17. f3 Rc7 18. Bf1 a6 19. Rec1 b5 20. b4 Nb7 21.
a4 bxa4 22. Bxa6 Ra8 23. Bb5 Qc8 24. Nxa4 Rxc1+ 25. Rxc1 Qb8 26. Bc6 Bd8 27. Nb6 Ra3 28. Nc4 Rb3 29. b5 h6 30. b6 Kh7 31. Qc2 Rxe3 32. Nxe3 Bxb6 33. Qb3 Qa7 34. Re1 Nc5 35. Qc3 Ncxe4 36. fxe4 Ng4 37. Kg2 Nxe3+ 38. Kh1 Bd4 39. Qd3 Qa2 40. Qe2 Qb3 41. Qf3 Qd3 42. Ra1 f6 43. Ra8 Qd2 44. Bd7 Qe1+ 0-1

[Event "*** Titled Tuesday Blitz"]
[Site "Chess.com"]
[Date "2020.04.28"]
[Round "7"]
[White "pma83"]
[Black "AshotParvanyan"]
[Result "0-1"]
[WhiteElo "2245"]
[BlackElo "2468"]
[TimeControl "180+1"]
[EndTime "11:19:03 PDT"]
[Termination "AshotParvanyan won by checkmate"]

1. d4 Nf6 2. c4 g6 3. Nc3 Bg7 4. e4 d6 5. Nf3 O-O 6. Be2 Bg4 7.
O-O Nfd7 8. Bg5 Nc6 9. Nd5 h6 10.
Be3 e5 11. dxe5 dxe5 12. Qd2 Bxf3 13. Bxf3 Kh7 14. Rad1 Nd4 15. Bg4 Nc5 16. Nc3 f5 17. exf5 gxf5 18. Bh5 Qh4 19. Be2 Rad8 20. Nd5 c6 21.
Bxd4 exd4 22. g3 Qg5 23. Nf4 Be5 24. Nd3 Qxd2 25. Rxd2 Ne4 26. Rdd1 Bf6 27. f4 Rfe8 28. Bf3 Nd6 29. Kf2 Nxc4 30. Nc5 Ne3 31. Nxb7 Rb8 32. Bxc6 Rec8 33. Bd7 Rc7 34. Bxf5+ Nxf5 35. Na5 Rxb2+ 36.
Kg1 Ne3 37. Rfe1 Nxd1 38. Rxd1 d3 39. Nb3 d2 40. Rxd2 Rxd2 41. Nxd2 Rc2 42. Kf2 Rxd2+ 43. Kf3 Rxa2 44. g4 a5 45. g5 hxg5 46. fxg5 Bxg5 47.
h4 Bf6 48. Kf4 Bg7 49. h5 a4 50. h6 Bxh6+ 51. Kf5 Bg7 52. Ke6 a3 53. Kf7 Rb2 54.
Ke8 a2 55. Kf7 a1=Q 56. Ke8 Qa7 57. Kd8 Rb8# 0-1

[Event "*** Titled Tuesday Blitz"]
[Site "Chess.com"]
[Date "2020.04.28"]
[Round "7"]
[White "Leonid_Starozhilov"]
[Black "MartinMatthiesen"]
[Result "1-0"]
[WhiteElo "2610"]
[BlackElo "2470"]
[TimeControl "180+1"]
[EndTime "11:19:04 PDT"]
[Termination "Leonid_Starozhilov won by resignation"]

1. c4 c6 2. Nf3 d5 3. e3 Nf6 4. b3 Nbd7 5. Bb2 e6 6. Be2 Bd6 7. g4 Nxg4 8. Rg1 Nge5 9. Rxg7 Qf6 10. Nxe5 Qxg7 11. Nd3 Qg1+ 12. Bf1 Rg8 13. Nc3 b6 14. Qc2 dxc4 15. bxc4 Qxh2 16. Ne4 Be7 17. O-O-O Bb7 18. c5 Qc7 19. f4 O-O-O 20. Be2 Kb8 21. Kb1 f5 22. Ng5 Bxg5 23. fxg5 Rxg5 24. Rc1 Ba6 25. Nf4 Bxe2 26. Nxe6 Qc8 27. Nxg5 Nxc5 28. Ka1 Bd3 29. Qc3 h6 30. Nf7 Rd7 31. Ne5 Rc7 32. Qb4 Be4 33.
Rxc5 Ka8 34. Rc1 c5 35. Qb3 Qb8 36. Nc4 Bd5 37. Be5 Qb7 38. Bxc7 Qxc7 39. Qc3 Qd7 40. d3 Kb7 41. Kb2 Bc6 42. Ne5 Qd5 43. Nxc6 Qxc6 44. Rg1 Qb5+ 45. Qb3 Qd7 46. Qc3 Qb5+ 47. Ka1 Qa4 48. Rg7+ Ka6 49. Qc4+ 1-0

[Event "*** Titled Tuesday Blitz"]
[Site "Chess.com"]
[Date "2020.04.28"]
[Round "7"]
[White "GM_DarwinLaylo"]
[Black "WinningButNotReally"]
[Result "0-1"]
[WhiteElo "2548"]
[BlackElo "2427"]
[TimeControl "180+1"]
[EndTime "11:19:04 PDT"]
[Termination "WinningButNotReally won on time"]

1. c4 g6 2. Nc3 Nf6 3. g3 d5 4.
cxd5 Nxd5 5. Bg2 Nb6 6. h4 h5 7. Nh3 Bxh3 8. Bxh3 Nc6 9. Bg2 Qd7 10. d3 Bg7 11. a4 e6 12. a5 Nd5 13. Bd2 O-O 14. Qb3 Nd4 15. Qd1 Nb4 16. O-O c6 17.
Ne4 Nd5 18. e3 Nb5 19. d4 b6 20. Qe2 Nd6 21. Rfc1 Nxe4 22. Bxe4 Rfc8 23. Bg2 Rab8 24. axb6 Rxb6 25. Bc3 Rcb8 26. e4 Nc7 27. Rxa7 Qd8 28.
Ba5 R6b7 29. Rxb7 Rxb7 30. Rxc6 Bxd4 31. b4 Qd7 32. Qc4 Nb5 33. Rc8+ Kh7 34. e5 Na3 35.
Qc6 Bxf2+ 36. Kxf2 Qd4+ 37. Kf1 Qd1+ 38. Kf2 Rd7 39.
Qxd7 Qxd7 40. Rc6 Qd4+ 41. Kf1 Nc4 42. Bf3 Ne3+ 43. Ke2 Nc4 0-1

[Event "*** Titled Tuesday Blitz"]
[Site "Chess.com"]
[Date "2020.04.28"]
[Round "7"]
[White "Bulldog167"]
[Black "Firegrizzly"]
[Result "1-0"]
[WhiteElo "2815"]
[BlackElo "2656"]
[TimeControl "180+1"]
[EndTime "11:19:05 PDT"]
[Termination "Bulldog167 won by checkmate"]

1. d4 Nf6 2. c4 g6 3. Nc3 Bg7 4. e4 d6 5. h3 O-O 6. Be3 Na6 7.
g4 e5 8. d5 Nd7 9. Nge2 Ndc5 10. Ng3 Qh4 11. Qd2 f6 12. Be2 Bd7 13. O-O-O Nb4 14. Kb1 a5 15. Rdg1 Rfd8 16. f3 c6 17. dxc6 Bxc6 18. Nd5 Nxd5 19. exd5 Bd7 20. Bxc5 dxc5 21.
Ne4 b6 22. Qe1 Qxe1+ 23. Rxe1 f5 24. gxf5 Bxf5 25. Bd3 Rf8 26. Kc2 Rad8 27. Ref1 Bh6 28. h4 Be3 29. h5 gxh5 30. Rxh5 Bg6 31. Rxe5 Bd4 32. Re6 Rb8 33. Ng5 Bxd3+ 34. Kxd3 Rf5 35. f4 b5 36. cxb5 Rxd5 37. Kc4 Rd7 38. b3 Bg7 39. Ne4 Rd4+ 40. Kxc5 Rc8+ 41. Kb6 a4 42. Rg1 Rd7 43. Nf6+ Kf7 44. Nxd7 Bd4+ 45. Kb7 Rc2 46. Re4 Bxg1 47. bxa4 Rxa2 48. b6 Rd2 49. Ne5+ Kf6 50. Nf3 Rd7+ 51. Kc6 Rg7 52. Nxg1 Rxg1 53. b7 Rb1 54. Re5 h5 55. Rxh5 Rb4 56. Rb5 Rxa4 57. b8=Q Re4 58. Qf8+ Kg6 59.
Rg5+ Kh7 60. Qg7# 1-0

[Event "*** Titled Tuesday Blitz"]
[Site "Chess.com"]
[Date "2020.04.28"]
[Round "7"]
[White "kleopl"]
[Black "GMaka"]
[Result "0-1"]
[WhiteElo "2465"]
[BlackElo "2354"]
[TimeControl "180+1"]
[EndTime "11:19:05 PDT"]
[Termination "GMaka won by resignation"]

1. c4 e5 2. Nc3 Bb4 3. Nd5 Be7 4. Nf3 d6 5. d4 c6 6. Nc3 Nd7 7.
e4 Ngf6 8. Be2 O-O 9. O-O b6 10.
Re1 Re8 11. h3 Bb7 12. d5 cxd5 13. cxd5 Nc5 14. Bd3 Nxd3 15. Qxd3 Nd7 16. Rb1 Nc5 17.
Qc2 a5 18. a3 Ba6 19. Rd1 a4 20. Be3 Bc4 21. Qd2 Bb3 22. Re1 Qd7 23. Bxc5 bxc5 24. Qd3 Reb8 25. Nd2 Bg5 26. Nxb3 Rxb3 27. Qc4 Bd2 28.
Red1 Bxc3 29. bxc3 Rab8 30. Rxb3 Rxb3 31. Ra1 g6 32.
Kf1 Qb5 33. Qxb5 Rxb5 34. Ke2 Rb2+ 35. Kd3 Rxf2 36. Kc4 Rb2 37. g4 h6 38. h4 Kf8 39.
g5 h5 40. Rf1 Ke7 41. Ra1 Ke8 42. Rf1 Ke7 43. Ra1 Re2 44. Kb5 Rxe4 45. c4 Rxh4 46. Rc1 Rh2 47. Kxa4 Rb2 48. Rh1 f6 49. gxf6+ Kxf6 50. Rf1+ Kg7 51. Ka5 h4 52. Rh1 g5 53. a4 Kg6 54.
Ka6 Kh5 55. a5 g4 56. Ka7 h3 57. a6 Kh4 58. Ka8 g3 59. a7 Ra2 60. Kb7 g2 61. Re1 Rxa7+ 62. Kxa7 h2 63. Kb6 g1=Q 0-1

[Event "*** Titled Tuesday Blitz"]
[Site "Chess.com"]
[Date "2020.04.28"]
[Round "7"]
[White "ParvizGasimov"]
[Black "chenxiaoyuer"]
[Result "0-1"]
[WhiteElo "2302"]
[BlackElo "2156"]
[TimeControl "180+1"]
[EndTime "11:19:05 PDT"]
[Termination "chenxiaoyuer won on time"]

1. e4 c5 2. Nf3 d6 3. d4 cxd4 4. Nxd4 Nf6 5. Nc3 Nc6 6. f3 e5 7.
Nb3 Be7 8. Be3 O-O 9. Qd2 Be6 10. Nd5 Bxd5 11. exd5 Nb8 12. g4 Nbd7 13. O-O-O Qc7 14. g5 Nh5 15. Bd3 Nb6 16. Qb4 f5 17. a4 Kh8 18.
Be2 Rfc8 19. c3 Qd8 20. h4 Ng3 21. Rhe1 Nxe2+ 22. Rxe2 Qd7 23. a5 Rc4 24. axb6 Rxb4 25. cxb4 axb6 26. Rc2 Rc8 27. Rd2 f4 28. Bxb6 Rxc2+ 29. Rxc2 g6 30. Na5 Qb5 31. Rc8+ Kg7 32. Rc7 Qxb6 33.
Rxe7+ Kf8 34. Rxb7 Qe3+ 35. Kb1 Qd3+ 36. Kc1 Qxd5 37.
b5 Qxf3 38. b6 Qe3+ 39. Kc2 Qe2+ 40. Kb1 Qe1+ 41. Ka2 Qxa5+ 42. Kb1 Qe1+ 43. Ka2 Qe4 44. Rc7 Qa4+ 45. Kb1 Qd1+ 46. Ka2 Qd5+ 47. Kb1 Qe4+ 0-1

[Event "*** Titled Tuesday Blitz"]
[Site "Chess.com"]
[Date "2020.04.28"]
[Round "7"]
[White "almo64"]
[Black "temus_galaktionov"]
[Result "0-1"]
[WhiteElo "2827"]
[BlackElo "2789"]
[TimeControl "180+1"]
[EndTime "11:19:06 PDT"]
[Termination "temus_galaktionov won on time"]

1. e4 c6 2. d4 g6 3. Nf3 Bg7 4. c3 d6 5. Bd3 Nd7 6. O-O e5 7.
Re1 Ngf6 8. h3 O-O 9. a4 Qe7 10. Bg5 h6 11. Bh4 Rd8 12. Nbd2 Nf8 13. Nc4 g5 14.
Bg3 Nh5 15. Bh2 Nf4 16. Bxf4 gxf4 17. b4 Ng6 18. b5 Be6 19. bxc6 bxc6 20. Na5 Qc7 21.
Nxc6 Qxc6 22. d5 Qxc3 23. dxe6 fxe6 24. Rc1 Qa5 25. Qb3 Nf8 26. Rc6 Rab8 27. Qc2 Qb4 28. Rc7 Rb7 29. Rxb7 Qxb7 30. Rb1 Qc8 31. Qxc8 Rxc8 32.
a5 Nd7 33. Nd2 Nc5 34. Bc4 Kf8 35. Kf1 Bf6 36. a6 Bd8 37. f3 Ba5 38. Nb3 Rb8 39. Ke2 Ke7 40. Nd2 Rxb1 41. Nxb1 Bb4 42. Kd1 Kd7 43. Ke2 Kc6 44. Kf2 d5 45. Ba2 dxe4 46.
fxe4 Nxe4+ 47. Ke2 Nc5 48. Kf3 Kd6 49. Kg4 Ke7 50.
Bc4 Kf6 51. h4 Ne4 52. Kf3 Ng3 53. Kg4 Nf5 54. Kh5 e4 55. Bb5 e5 56. Kg4 e3 57.
Kf3 Nd4+ 0-1

[Event "*** Titled Tuesday Blitz"]
[Site "Chess.com"]
[Date "2020.04.28"]
[Round "7"]
[White "Sanan_Sjugirov"]
[Black "GMKrikor"]
[Result "0-1"]
[WhiteElo "2849"]
[BlackElo "2746"]
[TimeControl "180+1"]
[EndTime "11:19:07 PDT"]
[Termination "GMKrikor won by resignation"]

1. e4 c5 2. Nf3 g6 3. c4 Nc6 4. d4 cxd4 5. Nxd4 Nf6 6. Nc3 d6 7. Be2 Nxd4 8. Qxd4 Bg7 9. Be3 O-O 10. Qd2 a5 11. f3 a4 12. Rc1 Qa5 13. Kf2 Be6 14.
Nd5 Bxd5 15. Qxa5 Rxa5 16. cxd5 e6 17. Bd2 Raa8 18. Bb4 exd5 19. e5 dxe5 20. Bxf8 Bxf8 21. a3 b6 22. Rc6 Bc5+ 23. Ke1 Nh5 24. g3 Ng7 25.
Rc7 Rd8 26. Kd2 f5 27. Ba6 Ne6 28. Rc8 Rxc8 29. Bxc8 Nd4 30. Rf1 Kf7 31. Bd7 b5 32. Bc8 Ke7 33. Kd3 Kd6 34. h4 e4+ 35. fxe4 fxe4+ 36. Kd2 Nb3+ 37. Ke2 d4 38. Bb7 d3+ 39. Ke1 e3 40. Be4 Nc1 41. Bxd3 Nxd3+ 42. Ke2 Nxb2 43. Rf6+ Kd5 44. Rf7 Bxa3 45. Rxh7 Bc5 46. Rg7 a3 47. Rxg6 a2 48. Rg5+ Kc4 49. Rg4+ Bd4 0-1

[Event "*** Titled Tuesday Blitz"]
[Site "Chess.com"]
[Date "2020.04.28"]
[Round "7"]
[White "Grandelicious"]
[Black "Chess_Boxer123"]
[Result "1-0"]
[WhiteElo "2765"]
[BlackElo "2566"]
[TimeControl "180+1"]
[EndTime "11:19:07 PDT"]
[Termination "Grandelicious won by resignation"]

1. Nf3 d5 2. g3 Nf6 3. Bg2 Bf5 4. c4 c6 5. O-O e6 6. cxd5 exd5 7. d3 Nbd7 8. Nc3 h6 9. e4 Be6 10. exd5 Nxd5 11.
Nd4 Nc5 12. Nxe6 Nxe6 13. Nxd5 cxd5 14. Qa4+ Qd7 15. Qxd7+ Kxd7 16. Bxd5 Rb8 17. Be3 b6 18. Rfd1 Bd6 19. d4 Rhe8 20. Rac1 Rbc8 21. Kf1 h5 22. Bb7 Rc7 23. Rxc7+ Kxc7 24. Ba6 g6 25. Rc1+ Kb8 26.
Bb5 Rd8 27. Bc4 Rc8 28. Ke2 Nxd4+ 29. Bxd4 b5 30. Kd3 bxc4+ 31. Rxc4 Re8 32. Ra4 Re7 33.
Ra6 Be5 34. Bxe5+ Rxe5 35. Rf6 Re7 36. f4 Kc7 37. f5 g5 38. h3 Rd7+ 39. Ke3 Re7+ 40.
Kf3 Rd7 41. Rh6 Rd5 42. Ke4 Rd2 43. Rxh5 Rxb2 44. a3 f6 45. Rh6 Rb3 46. g4 Rxa3 47.
Rxf6 Rxh3 48. Rg6 a5 49. f6 Kd6 50. Kf5 Rf3+ 51. Kxg5 a4 52. Rg8 a3 53. Kg6 a2 54.
Ra8 Rf2 55. g5 Ke6 56. Ra6+ Kd7 57. Kg7 Ke8 58. g6 Kd7 59. f7 1-0

[Event "*** Titled Tuesday Blitz"]
[Site "Chess.com"]
[Date "2020.04.28"]
[Round "7"]
[White "CMFernandez"]
[Black "Colombiano07"]
[Result "1-0"]
[WhiteElo "2077"]
[BlackElo "2206"]
[TimeControl "180+1"]
[EndTime "11:19:08 PDT"]
[Termination "CMFernandez won by resignation"]

1. d4 d5 2. c4 Bf5 3. Bf4 e6 4. Nc3 c6 5. Qb3 Qb6 6. c5 Qxb3 7. axb3 Na6 8. Na2 Nf6 9. e3 Be7 10. b4 Nh5 11. b5 Nxf4 12. bxa6 Nd3+ 13. Bxd3 Bxd3 14.
axb7 Rb8 15. Nb4 Bb5 16. Rxa7 Kd7 17. Ne2 Kc7 18. Nc3 Bc4 19. b3 Bxb3 20. Na6+ Kd7 21. Nxb8+ Rxb8 22. Kd2 Kc7 23. Rb1 Bc4 24. Rb6 e5 25.
Na4 f5 26. Nb2 Bf1 27. Nd3 Bxd3 28. Kxd3 f4 29. Ra8 Rxb7 30. Rxb7+ Kxb7 31. Re8 e4+ 32. Ke2 Bf6 33. f3 exf3+ 34. Kxf3 fxe3 35. Kxe3 Kc7 36. g4 Kd7 37. Rh8 h6 38. h3 Bg5+ 39. Kf3 Bf6 40. Ke3 Bg5+ 41. Kd3 Bf6 42. Ra8 Be7 43. h4 Bxh4 44.
Ra7+ Ke6 45. Rxg7 Bg5 46. Rg6+ Kd7 47. Kc2 Be3 48. Kd3 Bg5 49. Rg7+ Kc8 50. Kc3 Be3 51. Kd3 Bg5 52. Rf7 Kd8 53. Rb7 Kc8 54. Rf7 Kd8 55. Rh7 Kc8 56. Ra7 Kd8 57. Ra4 Kc7 58. Kc3 Kb7 59. Kb3 Be3 60. Rb4+ Kc7 61. Ka4 Bd2 62. Rb3 Be1 63. Re3 Bf2 64. Rd3 Be1 65. Rd1 Bc3 66.
Kb3 Ba5 67. Kc2 Kd7 68. Rh1 1-0

[Event "*** Titled Tuesday Blitz"]
[Site "Chess.com"]
[Date "2020.04.28"]
[Round "7"]
[White "GHANDEEVAM2003"]
[Black "Barcelona_Guy"]
[Result "0-1"]
[WhiteElo "2843"]
[BlackElo "2742"]
[TimeControl "180+1"]
[EndTime "11:19:09 PDT"]
[Termination "Barcelona_Guy won by resignation"]

1. b3 d5 2. Bb2 c5 3. e3 Nf6 4. Nf3 e6 5. Ne5 Bd6 6. f4 O-O 7. Be2 Nfd7 8. O-O Bxe5 9. fxe5 Qg5 10. Rf4 Nc6 11. h4 Qh6 12. c4 Ndxe5 13. cxd5 exd5 14. Nc3 Ng6 15. Rf2 Qxh4 16. Nxd5 Be6 17. Nf4 Rad8 18.
Qc2 b6 19. Qc3 Qh6 20. Raf1 Nxf4 21. Rxf4 f6 22. d4 Nb4 23. Bc4 Bxc4 24. Qxc4+ Kh8 25. dxc5 Nd3 26. Bd4 Nxf4 27. exf4 bxc5 28. Bxc5 Rfe8 29. Bxa7 Qg6 30. Bf2 Re4 31. Qc2 Qe8 32. a4 Rxf4 33. a5 Qb5 34. Qc7 Qb8 35. Qxb8 Rxb8 36. a6 Rxb3 37. Ra1 Rfb4 38. Kh2 Rb8 39. a7 Ra8 40. Rc1 Rb7 41. Rc6 h6 42. Ra6 Kh7 43. Kg3 Kg6 44. Kf3 Rb3+ 45. Kf4 Rb2 46. Kf3 h5 47. g3 Rb3+ 48. Be3 Kf7 49. Ke2 Re8 50. a8=Q Rbxe3+ 51. Kf2 Rxa8 52. Rxa8 Re5 0-1

[Event "*** Titled Tuesday Blitz"]
[Site "Chess.com"]
[Date "2020.04.28"]
[Round "7"]
[White "GelmanAlexander"]
[Black "Zurability"]
[Result "1-0"]
[WhiteElo "2540"]
[BlackElo "2688"]
[TimeControl "180+1"]
[EndTime "11:19:11 PDT"]
[Termination "GelmanAlexander won by resignation"]

1. c4 e5 2. e3 Nf6 3. a3 Nc6 4. d3 g6 5. Nf3 Bg7 6. Be2 O-O 7.
Nc3 d5 8. cxd5 Nxd5 9. Bd2 Be6 10. O-O h6 11. Rc1 a5 12. Na4 Nde7 13. Nc5 Bc8 14.
Qc2 b6 15. Ne4 Bb7 16. Rfe1 f5 17. Ng3 Kh7 18. b4 axb4 19. axb4 Rc8 20. h4 Nd5 21. b5 Nce7 22. h5 g5 23. e4 Nf4 24.
d4 exd4 25. Bxf4 gxf4 26. Nxf5 Nxf5 27. exf5 Kh8 28. Rcd1 c5 29. bxc6 Rxc6 30. Qe4 Rc7 31. Qxf4 Rd7 32. Nh4 Kh7 33. Bd3 Qf6 34. Re6 Qg5 35.
f6+ Kg8 36. Qxg5 hxg5 37. fxg7 Rf4 38. Ng6 Rg4 39. Kf1 Kxg7 40. Ne5 Bxg2+ 41. Ke2 Bd5 42. Re8 Bf7 43. h6+ Kxh6 44. Nxg4+ Kg7 45. Re4 Bd5 46. Rg1 Bxe4 47. Bxe4 d3+ 48. Bxd3 Rd4 49. Kd2 Kf7 50. Ne3 Ke6 51. Rxg5 Kf6 52. Rd5 Rf4 53. Rb5 Ke6 54. Rxb6+ Kd7 55. Ke2 Rh4 56. Rb4 Kc7 57. Rxh4 1-0

[Event "*** Titled Tuesday Blitz"]
[Site "Chess.com"]
[Date "2020.04.28"]
[Round "7"]
[White "Kostya26"]
[Black "AlexOstrovskiy"]
[Result "0-1"]
[WhiteElo "2405"]
[BlackElo "2559"]
[TimeControl "180+1"]
[EndTime "11:19:11 PDT"]
[Termination "AlexOstrovskiy won by resignation"]

1. d4 e6 2. Nf3 b6 3. Bf4 Bb7 4. e3 Nf6 5. Nbd2 Nh5 6. Bg3 Nxg3 7. hxg3 g6 8. Bd3 Bg7 9. Qe2 d6 10. c3 a6 11. e4 Nd7 12. O-O-O b5 13. Bc2 c5 14.
dxc5 dxc5 15. e5 Qc7 16. Rhe1 O-O-O 17. Be4 c4 18. Bxb7+ Kxb7 19. Qe4+ Kb8 20. Kb1 Nc5 21. Qe3 Nd3 22. Rf1 h5 23. Nd4 Bxe5 24. N2f3 Bg7 25. Qe4 Rd5 26. b3 Nc5 27. Qe2 cxb3 28. axb3 Rhd8 29.
Kb2 e5 30. Nxb5 axb5 31. Qxb5+ Kc8 32. Rxd5 Rxd5 33. Qc4 Rd8 34. Kc2 e4 35. Nd2 f5 36.
Ra1 Kb7 37. Qb5+ Qb6 38. Qc4 Rxd2+ 39. Kxd2 Nxb3+ 40. Ke2 Nxa1 41. Qf7+ Qc7 42. Qxg6 Qc4+ 43. Ke3 Qxc3+ 44. Kf4 Qe5+ 45. Ke3 Nc2+ 46. Ke2 Nd4+ 47.
Ke3 Ne6 48. Qf7+ Kc6 49. Qe8+ Kd6 50. Qb8+ Ke7 51. Qb7+ Kf6 52. Qb1 f4+ 53. gxf4 Qxf4+ 54.
Ke2 Nd4+ 55. Kf1 Ne6 56. Qb2+ Kg6 57. Qc2 Qf5 58. f3 exf3 59. Qxf5+ Kxf5 60. gxf3 Kf4 61. Kg2 Ng5 62. Kh2 0-1

[Event "*** Titled Tuesday Blitz"]
[Site "Chess.com"]
[Date "2020.04.28"]
[Round "7"]
[White "crossingthestreet"]
[Black "Mazanchenko_Dmitry"]
[Result "0-1"]
[WhiteElo "2304"]
[BlackElo "2147"]
[TimeControl "180+1"]
[EndTime "11:19:11 PDT"]
[Termination "Mazanchenko_Dmitry won by resignation"]

1. c4 g6 2. d4 Bg7 3. e4 d6 4.
Nc3 Nc6 5. Be3 e5 6. d5 Nd4 7. Nge2 Bg4 8. f3 Bxf3 9. gxf3 Nxf3+ 10. Kf2 Qf6 11. Bg2 Nh4+ 12. Kg1 Bh6 13. Qd2 Qf3 14. Bxf3 Nxf3+ 15. Kf2 Nxd2 16. b3 f5 17. Rad1 Nxe4+ 18. Nxe4 fxe4 19. Ng3 Bxe3+ 20. Kxe3 Nf6 21. Nxe4 Nxe4 22.
Kxe4 O-O 23. Rdf1 Rxf1 24. Rxf1 Rf8 25. Ra1 Rf2 26. h3 Rh2 27. c5 dxc5 28. Kxe5 Rxh3 29. Ke6 b6 30. Kd7 Rd3 31. Kc6 g5 32. Re1 g4 33.
Re5 h6 34. Kxc7 g3 35. d6 Kg7 36. d7 Kf6 37. Re2 h5 38. d8=Q+ Rxd8 39. Kxd8 h4 40.
Re3 Kf5 41. Kc7 Kf4 42. Re2 h3 43. Kb7 h2 44. Re1 g2 45. Kxa7 h1=Q 46. Rxh1 gxh1=Q 47. Kxb6 Qa1 48. a4 Qb2 49. Kxc5 Qxb3 50. a5 Qa4 51. Kb6 Qb4+ 52. Ka6 Ke5 53. Ka7 Qxa5+ 0-1

[Event "*** Titled Tuesday Blitz"]
[Site "Chess.com"]
[Date "2020.04.28"]
[Round "7"]
[White "MichailovM"]
[Black "awesomevishesh"]
[Result "1-0"]
[WhiteElo "2398"]
[BlackElo "2497"]
[TimeControl "180+1"]
[EndTime "11:19:12 PDT"]
[Termination "MichailovM won on time"]

1. e4 c5 2. Nf3 d6 3. d4 cxd4 4. Nxd4 Nf6 5. Nc3 a6 6. Bg5 e6 7.
f4 h6 8. Bh4 Qb6 9. Qd3 Qxb2 10.
Rb1 Qa3 11. f5 Be7 12. Be2 Nc6 13. fxe6 fxe6 14. Nxc6 bxc6 15. e5 dxe5 16. Bf3 O-O 17. O-O Nd5 18. Bxe7 Qxe7 19. Ne4 a5 20. Rf2 Ba6 21.
Qd2 Nf4 22. Qc3 Rab8 23. Re1 Qc7 24. Nc5 Bc8 25. Qxe5 Qxe5 26. Rxe5 Rb1+ 27. Rf1 Rb2 28. g3 Nh3+ 29. Kg2 Rxc2+ 30. Kxh3 Rc3 31. Kg2 Rc2+ 32. Rf2 Rc3 33. Bxc6 Rxf2+ 34. Kxf2 Rc2+ 35. Ke3 Rxa2 36. h4 a4 37. Bxa4 Ra3+ 38. Kf4 Kf7 39. Bb3 Kf6 40. g4 g5+ 41. hxg5+ hxg5+ 42. Rxg5 Ra1 43. Ne4+ Ke7 44. Rc5 Rf1+ 45. Ke3 Kd7 46. g5 Rg1 47. Rc3 Rg4 48.
Nf6+ Kd6 49. Nxg4 1-0

[Event "*** Titled Tuesday Blitz"]
[Site "Chess.com"]
[Date "2020.04.28"]
[Round "7"]
[White "viktorskliarov"]
[Black "Lion-Al-Messi"]
[Result "0-1"]
[WhiteElo "2618"]
[BlackElo "2445"]
[TimeControl "180+1"]
[EndTime "11:19:13 PDT"]
[Termination "Lion-Al-Messi won by resignation"]

1. e4 b6 2. d4 Bb7 3. Bd3 e6 4. Qe2 d5 5. e5 c5 6. c3 Nc6 7.
Nf3 Nge7 8. O-O Nf5 9. Bxf5 exf5 10. e6 f6 11. Nh4 Ne7 12. dxc5 bxc5 13. Nxf5 g6 14. Nxe7 Kxe7 15. Qb5 Qc7 16. Be3 Kxe6 17. Re1 Kf7 18. Bf4 Qc6 19. Qa5 Bd6 20. Bxd6 Qxd6 21.
Na3 Rhe8 22. Nb5 Qc6 23. Nc7 d4 24. f3 Rxe1+ 25. Rxe1 Rc8 26. Nb5 Re8 27. Rxe8 Kxe8 28. Nxa7 Qe6 29. Qb5+ Kf8 30. Qxc5+ Kg7 31. Qc7+ Kh6 32. Qf4+ g5 33. Qd2 d3 34. h4 Ba6 35.
hxg5+ fxg5 36. a4 Qb6+ 37. Kh2 Qxa7 38. b4 Bc4 39. b5 Qc7+ 40. Kg1 Qc5+ 41. Kf1 Qa3 42. Kf2 Qxa4 43. f4 Qxb5 44. fxg5+ Qxg5 45. Qb2 Qf4+ 46. Kg1 Qe3+ 47. Kh2 d2 48. Qb8 d1=Q 49. Qf8+ Kg6 50. Qg8+ Bxg8 0-1